 Dungeon Crawl Stone Soup version 0.18-a0-921-g28655ce (webtiles) character file.

110 4thArraOfDagon the Digger (level 4, 0/36 HPs)
             Began as a Draconian Earth Elementalist on Dec 27, 2015.
             Slain by a worker ant (5 damage)
             ... on level 4 of the Dungeon.
             The game lasted 00:02:29 (445 turns).

4thArraOfDagon the Digger (DrEE)                     Turns: 445, Time: 00:02:29

Health: 0/36       AC:  5    Str: 11    XL:     4   Next: 61%
Magic:  0/7        EV: 12    Int: 15    God:
Gold:   27         SH:  0    Dex: 12    Spells: 2 memorised, 4 levels left

rFire  . . .     SeeInvis .       - Unarmed
rCold  . . .     Gourm    .     (armour unavailable)
rNeg   . . .     Faith    .     (no shield)
rPois  +         Spirit   .     (helmet restricted)
rElec  .         Dismiss  .     (no cloak)
rCorr  .         Reflect  .     (no gloves)
SustAt .         Harm     .     (no boots)
MR     .....                    (no amulet)
Stlth  ++........               (no ring)
                                l - ring of poison resistance

@: lethally poisoned (0 -> -5), very slightly contaminated, not resistant to
hostile enchantments, unstealthy
A: unfitting armour, cold-blooded, AC +5
a: no special abilities


You were on level 4 of the Dungeon.
You were not hungry.

You visited 1 branch of the dungeon, and saw 4 of its levels.

You collected 27 gold pieces.

Inventory:

Hand Weapons
 d - a +2 whip of flaming
Missiles
 a - 8 stones (quivered)
Jewellery
 l - a ring of poison resistance (left hand)
Scrolls
 g - a scroll of identify
 h - a scroll of remove curse {unknown}
 i - a scroll of blinking {unknown}
 j - a scroll of noise {unknown}
 n - a scroll of fear {unknown}
Potions
 e - a potion of flight
 k - a potion of lignification
Books
 b - a book of Geomancy

   Spells                             Type                      Level
   a - Sandblast                      Earth                        1
   b - Stoneskin                      Transmutation/Earth          2
   c - Passwall                       Transmutation/Earth          3
   d - Stone Arrow                    Conjuration/Earth            3
   e - Petrify                        Transmutation/Earth          4
   f - Lee's Rapid Deconstruction     Earth                        5
Comestibles
 c - a bread ration
 f - a meat ration
 m - 3 fruits


   Skills:
 + Level 2.2 Fighting
 + Level 2.6 Dodging
 - Level 1.7 Stealth
 * Level 2.8 Unarmed Combat
 - Level 2.0 Spellcasting
 - Level 1.0 Transmutations
 - Level 3.0 Earth Magic


You had 4 spell levels left.
You knew the following spells:

 Your Spells              Type           Power        Failure   Level  Hunger
a - Sandblast             Erth           ##....       8%          1    #......
b - Stoneskin             Trmt/Erth      #.......     14%         2    ###....


Dungeon Overview and Level Annotations

Branches:
Dungeon (4/15)
 Temple: D:4-7

Altars:
Ashenzari

Shops:
D:4 %


Innate Abilities, Weirdness & Mutations

Your plain brown scales are hard (AC +5).
Your body does not fit into most forms of armour.
You are cold-blooded and may be slowed by cold attacks.


Message History

You hit the worker ant.
The worker ant is almost dead.
The worker ant barely misses you. x2
Unknown command.
You hit the worker ant but do no damage.
The worker ant is almost dead.
* * * LOW HITPOINT WARNING * * *
You feel sick. The worker ant misses you.
Unknown command.
You closely miss the worker ant.
Your tail-slap misses the worker ant.
The worker ant is almost dead.
The worker ant bites you.
* * * LOW HITPOINT WARNING * * *
Unknown command.
Unknown command.
You hit the worker ant.
Your tail-slap misses the worker ant.
The worker ant is almost dead.
* * * LOW HITPOINT WARNING * * *
You feel sick. The worker ant bites you.
You die...

###.# ..# #...# ..+
#.### ..# #...#
#h########.#
#.#....#...#
#.#.##.#.###
.#######.#.##.#.####
.......@...##.#....#
.##.##.a.####.#..#.#
#.### ##....#.# ...
#...[##.# ####
#.#####.# #.#####.#
#.#.....# #∩#.#####
#...#


You could see a hound (wandering) and a worker ant.

Vanquished Creatures
  An ogre (D:3)
  An adder (D:3)
  A giant cockroach (D:1)
  3 goblins
  2 kobolds
  2 bats
  A giant gecko (D:3)
  A giant newt (D:2)
  2 rats (D:1)
14 creatures vanquished.

Notes
Turn   | Place    | Note
--------------------------------------------------------------
     0 | D:1      | 4thArraOfDagon the Draconian Earth Elementalist began the quest for the Orb.
     0 | D:1      | Reached XP level 1. HP: 14/14 MP: 3/3
   108 | D:1      | Reached skill level 1 in Fighting
   147 | D:2      | Found a shattered altar of Ashenzari.
   202 | D:2      | Reached XP level 2. HP: 15/23 MP: 5/5
   228 | D:3      | Reached skill level 1 in Unarmed Combat
   242 | D:3      | Noticed an ogre
   294 | D:3      | Killed an ogre
   294 | D:3      | Reached XP level 3. HP: 27/29 MP: 0/6
   294 | D:3      | Reached XP level 4. HP: 33/36 MP: 0/7
   338 | D:3      | Learned a level 2 spell: Stoneskin
   391 | D:4      | Found Noelets's Food Shoppe.
   445 | D:4      | Slain by a worker ant

Vault maps used:
D:1:      nagdon_arrival_zigzag_paths, serial_forest,
          infiniplex_forest_lined_room_2, infiniplex_forest_straight_5,
          infiniplex_forest_fountain, infiniplex_forest_straight_3,
          infiniplex_forest_lined_1
D:2:      evilmike_ruin_ashenzari, gammafunk_temple_overflow_elements,
          grunt_ministairs_14
D:3:      first_bread, lemuel_flame_loot_1, uniq_robin
D:4:      makhleb_heckhound_becter, overflow_temple_1_default,
          minmay_temple_entry_water_ring, serial_shops, shop,
          serial_corexii_hall, corexii_hall_statues_x, corexii_hall_statues_x,
          corexii_hall_statues_l, corexii_hall_statues_t, grunt_gozag_statues

Action                   |  1- 3 |  4- 6 || total
-------------------------+-------+-------++-------
Melee: Whip              |    27 |       ||    27
       Unarmed           |    15 |    10 ||    25
 Cast: Sandblast         |     3 |    10 ||    13
  Use: Potion            |     3 |       ||     3
       Scroll            |     2 |       ||     2
